 Dungeon Crawl Stone Soup version 0.31-a0-1620-gcbf77bbcfc (webtiles) character file.

Game seed: 14220750646172029036

408 Ivernyr the Shield-Bearer (level 7, -5/55 HPs)
             Began as a Formicid Fighter on Jan 11, 2024.
             Slain by Blork the orc
             ... wielding a +0 war axe
              (7 damage)
             ... on level 5 of the Dungeon.
             The game lasted 00:04:59 (3340 turns).

Ivernyr the Shield-Bearer (Formicid Fighter)        Turns: 3340, Time: 00:04:59

Health: -5/55      AC:  8    Str: 23    XL:     7   Next: 13%
Magic:  7/7        EV:  9    Int:  7    God:
Gold:   217        SH:  5    Dex: 13    Spells: 6/6 levels left

rFire   . . .        a - +0 quarterstaff
rCold   . . .        c - +0 buckler
rNeg    . . .        b - +0 scale mail
rPois   +            (helmet unavailable)
rElec   .            (no cloak)
rCorr   .            q - +0 pair of gloves
SInv    +            (no boots)
Will    .....        (no amulet) Stlth
                     v - ring of poison resistance
HPRegen 0.29/turn    (no ring)
MPRegen 0.10/turn

%: no passive effects
@: no status effects
A: permanent stasis, dig shafts and tunnels, antennae 3, four strong arms
a: Dig, Shaft Self


You were on level 5 of the Dungeon.
You visited 1 branch of the dungeon, and saw 5 of its levels.

You collected 217 gold pieces.

Inventory:

Hand Weapons
 a - a +0 quarterstaff (weapon)
Armour
 b - a +0 scale mail (worn)
 c - a +0 buckler (worn)
 q - a +0 pair of gloves (worn)
Jewellery
 v - a ring of poison resistance (left hand)
Wands
 p - a wand of quicksilver (11)
Scrolls
 e - a scroll of silence {unknown}
 f - a scroll of noise {unknown}
 g - 3 scrolls of vulnerability {unknown}
 h - 2 scrolls of acquirement {unknown}
 i - a scroll of enchant weapon {unknown}
 j - 2 scrolls of blinking {unknown}
 k - 5 scrolls of identify {unknown}
 l - 2 scrolls of amnesia {unknown}
 m - 2 scrolls of teleportation {unknown}
 o - a scroll of enchant armour {unknown}
 r - a scroll of immolation {unknown}
 t - a scroll of brand weapon {unknown}
Potions
 d - 2 potions of might
 n - 2 potions of curing {unknown}
 s - a potion of resistance {unknown}
 u - a potion of lignification {unknown}


   Skills:
 + Level 4.6 Fighting
 * Level 4.7 Staves
 + Level 4.7 Armour
 + Level 5.5 Shields


You had 6 spell levels left.
You didn't know any spells.
Your spell library contained the following spells:

 Spells                   Type           Power      Damage    Failure   Level
 Call Imp                 Summ           0%         N/A       90%         2
 Sublimation of Blood     Necr           0%         N/A       90%         2
 Summon Hydra             Summ           0%         N/A       100%        7


Dungeon Overview and Level Annotations

Branches:
Dungeon (5/15)             Temple (0/1) D:4

Altars:
Ashenzari
Fedhas

Annotations:
D:5 Blork the orc


Innate Abilities, Weirdness & Mutations

You cannot be hasted, slowed, berserked, paralysed or teleported.
You can dig through walls and to a lower floor.
You have a pair of large antennae on your head. (SInv)
Your four strong arms can wield two-handed weapons with a shield.


Message History

Blork the orc is lightly wounded.
Blork the orc hits you with a +0 war axe!
Blork the orc casts a spell at you.
The magic dart hits you but does no damage.
You closely miss Blork the orc.
Blork the orc is lightly wounded.
Blork the orc points at you and mumbles some strange words.
The puff of flame hits you!
Blork the orc points at you and mumbles some strange words.
The puff of frost hits you!
You hit Blork the orc.
Blork the orc is lightly wounded.
You block Blork the orc's attack.
The phantom hits you but does no damage.
You sock Blork the orc!
Blork the orc is heavily wounded.
Blork the orc hits you with a +0 war axe.
The phantom barely misses you. You block Blork the orc's attack.
You barely miss Blork the orc.
Blork the orc is heavily wounded.
Blork the orc hits you with a +0 war axe.
You block Blork the orc's attack.
You hit Blork the orc but do no damage.
Blork the orc is heavily wounded.
Blork the orc screams, "Die!"
Blork the orc casts a spell at you. The puff of frost hits you.
* * * LOW HITPOINT WARNING * * *
The phantom barely misses you. Blork the orc casts a spell at you.
The puff of frost hits you!
* * * LOW HITPOINT WARNING * * *
The phantom hits you.
* * * LOW HITPOINT WARNING * * *
Blork the orc casts a spell at you. The magic dart hits you.
* * * LOW HITPOINT WARNING * * *
You begin to dig a shaft.
You continue digging a shaft.
Blork the orc hits you with a +0 war axe!
You die...

#.# #.. #.# ### #.#
#.#############
##.#............ ,
##....########### #.#####
#.#..># .......###.#..##
######
.......o@......#####.....
#.####.W.......#.........
#######.....###.####
########.###.##......
.........##.#.#..####
########.###.##..#
#.....##..##
#.#.####...##
#.#.###.....##


You could see Blork the orc (fast) and a phantom.

Vanquished Creatures
  2 scorpions (D:5)
  2 hounds (D:4)
  Jessica (D:3)
  Natasha (thrice) (D:3)
  4 adders
  2 ribbon worms (D:2)
  4 dart slugs
  2 orcs
  10 ball pythons
  6 endoplasms
  4 giant cockroaches
  4 goblins
  5 hobgoblins
  2 jackals (D:4)
  2 quokkas (D:3)
  10 bats
  12 frilled lizards
  7 kobolds
  4 rats
86 creatures vanquished.

Notes
Turn   | Place    | Note
-------+----------+-------------------------------------------
     0 | D:1      | Ivernyr the Formicid Fighter began the quest for the Orb.
     0 | D:1      | Reached XP level 1. HP: 18/18 MP: 1/1
   181 | D:1      | Reached XP level 2. HP: 24/24 MP: 2/2
   441 | D:1      | Reached XP level 3. HP: 18/29 MP: 3/3
  1265 | D:2      | Found a broken altar of Ashenzari.
  1279 | D:2      | Reached XP level 4. HP: 37/37 MP: 4/4
  1935 | D:3      | Noticed Natasha
  1947 | D:3      | Killed Natasha
  1948 | D:3      | Reached XP level 5. HP: 26/42 MP: 5/5
  2061 | D:3      | Noticed Jessica
  2068 | D:3      | Killed Jessica
  2340 | D:3      | Noticed Natasha
  2345 | D:3      | Killed Natasha
  2346 | D:3      | Reached skill level 5 in Shields
  2346 | D:3      | Reached XP level 6. HP: 30/48 MP: 6/6
  2472 | D:3      | Noticed Natasha
  2477 | D:3      | Killed Natasha
  2525 | D:3      | Found a blossoming altar of Fedhas.
  2697 | D:4      | Found a staircase to the Ecumenical Temple.
  3157 | D:5      | Entered Level 5 of the Dungeon
  3298 | D:5      | Reached XP level 7. HP: 55/55 MP: 7/7
  3324 | D:5      | Noticed Blork the orc
  3339 | D:5      | HP: 2/55 [Blork the orc/magic dart (5)]
  3340 | D:5      | Slain by Blork the orc

Illustrated notes

Levels and vault maps discovered:
D:1:      minmay_arrival_open_corners, layout_basic, minmay_lizard_pond
D:2:      kb_forest_paths, layout_loops_cross, basic_altar, minmay_bisected
D:3:      layout_basic, fedhas_altar_4, roderic_serpentine_path, uniq_natasha,
          uniq_jessica
D:4:      layout_cave_pools, minmay_temple_entry_from_below_a,
          chequers_hall_statues_wall_a
D:5:      layout_loops_ring, uniq_menkaure, uniq_blork_the_orc, uniq_eustachio

Skill      XL: |  1  2  3  4  5  6 |
---------------+-------------------+-----
Staves         | 3 4 |  4.7
Fighting       | 4 |  4.6
Armour         | 4 |  4.7
Shields        | 5 |  5.5

Action                     |  1- 3 |  4- 6 |  7- 9 || total
---------------------------+-------+-------+-------++-------
  Melee: Quarterstaff      |   118 |   137 |    10 ||   265
Ability: Shaft Self        |       |       |     1 ||     1
 Armour: Scale mail        |    79 |    94 |    14 ||   187
  Dodge: Dodged            |    49 |    59 |     6 ||   114
  Block: Buckler           |    26 |    30 |     3 ||    59

Table legend: (Time is in decaauts)
 A = Elapsed time spent in this place.
 B = Non-inter-level travel time spent in this place.
 C = Inter-level travel time spent in this place.
 D = Time resting spent in this place.
 E = Time spent auto-exploring this place.
 F = Levels seen in this place.
 G = Mean time per level.
                   A        B        C        D        E       F      G
               +--------+--------+--------+--------+--------+-----+--------+
         Total |   3383 |   3158 |    225 |    163 |   2335 |   5 |  676.6 |
       Dungeon |   3383 |   3158 |    225 |    163 |   2335 |   5 |  676.6 |
               +--------+--------+--------+--------+--------+-----+--------+

Top non-repeatable levels by time:
     D:3: 953 daAuts
     D:1: 912 daAuts
     D:2: 719 daAuts
     D:4: 613 daAuts
     D:5: 183 daAuts
